 Dungeon Crawl Stone Soup version 0.25-a0-701-gb30f108f01 (webtiles) character file.

Game seed: 2005392443480007341, levelgen mode: deterministic

2358 Brecoman the Chiller (level 9, -5/58 (70) HPs)
             Began as a Ghoul Ice Elementalist on Apr 3, 2020.
             Was a Follower of Hepliaklqana.
             Slain by a yak (13 damage)
             ... on level 7 of the Dungeon.
             The game lasted 00:27:03 (9684 turns).

Brecoman the Chiller (Ghoul Ice Elementalist)       Turns: 9684, Time: 00:27:03

HP:   -5/58 (70)    AC: 10    Str: 13    XL:     9   Next: 44%
MP:   10/14         EV:  7    Int: 12    God:    Hepliaklqana [*.....]
Gold: 438           SH:  9    Dex: 15    Spells: 10/17 levels left

rFire    . . .     SeeInvis .     - Unarmed
rCold    + + .     Gourm    .   x - +0 kite shield
rNeg     + + +     Faith    .   o - +3 scale mail of Marbles {rElec rPois rC+ Dex+3}
rPois    ∞         Spirit   .   (no helmet)
rElec    +         Reflect  .   (no cloak)
rCorr    .         Harm     .   (no gloves)
MR       .....                  t - +0 pair of boots
Stlth    +.........             w - amulet of the acrobat
HPRegen  0.00/turn              q - ring of flight
MPRegen  0.14/turn              e - +3 ring of dexterity

@: very slightly contaminated, rotting
A: rotting body, reduced essence, claws 1, carnivore, cold resistance 1,
negative energy resistance 3, inhibited regeneration, torment resistance,
unbreathing
a: Recall Ancestor, Ancestor Identity, Renounce Religion, Evoke Flight


You were on level 7 of the Dungeon.
You worshipped Hepliaklqana.
Hepliaklqana was aware of your devotion.
You were not hungry.

You visited 1 branch of the dungeon, and saw 8 of its levels.

You collected 438 gold pieces.

Inventory:

Hand Weapons
 d - a +0 short sword of flaming
 v - a +2 dagger of venom
Missiles
 b - 165 stones (quivered)
Armour
 a - a +0 robe
 k - a +0 robe
 o - the +3 scale mail of Marbles (worn) {rElec rPois rC+ Dex+3}
   (You found it on level 6 of the Dungeon)

   It affects your dexterity (+3).
   It protects you from cold.
   It insulates you from electricity.
   It protects you from poison.
 p - a +0 leather armour
 t - a +0 pair of boots (worn)
 x - a +0 kite shield (worn)
Jewellery
 e - a +3 ring of dexterity (right claw)
 q - a ring of flight (left claw)
 u - an uncursed ring of positive energy
 w - an amulet of the acrobat (around neck)
Scrolls
 f - 7 scrolls of remove curse
 h - 2 scrolls of amnesia
 i - 2 scrolls of teleportation
 m - 2 scrolls of fog
Potions
 j - 3 potions of lignification
 l - a potion of curing
 n - a potion of might
 r - 2 potions of resistance
 s - 2 potions of stabbing
 z - a potion of degeneration {unknown}
Comestibles
 c - 6 rations


   Skills:
 + Level 6.4 Fighting
 - Level 1.7 Dodging
 - Level 2.1 Stealth
 + Level 3.7 Shields
 + Level 6.2 Unarmed Combat
 - Level 4.5 Spellcasting
 - Level 2.3 Charms
 + Level 7.3 Ice Magic


You had 10 spell levels left.
You knew the following spells:

 Your Spells              Type           Power        Failure   Level  Hunger
a - Freeze                Ice            ###.         22%         1    None
b - Frozen Ramparts       Ice            ###...       56%         3    ###....
c - Ozocubu's Armour      Chrm/Ice       ##......     88%         3    ###....

Your spell library contained the following spells:

 Spells                   Type           Power        Failure   Level  Hunger
 Animate Skeleton         Necr           N/A          99%         1    None
 Apportation              Tloc           #.....       99%         1    None
 Corona                   Hex            #......      99%         1    None
 Summon Small Mammal      Summ           #...         99%         1    None
 Hailstorm                Conj/Ice       ##......     100%        4    ####...
 Summon Ice Beast         Ice/Summ       ##......     100%        4    ####...


Dungeon Overview and Level Annotations

Branches:
Dungeon (8/15)             Temple (0/1) D:5
   Lair: D:8-11

Altars:
Gozag
Hepliaklqana

Annotations:
D:4 Duvessa


Innate Abilities, Weirdness & Mutations

Your body is rotting away.
You thrive on raw meat.
You are immune to poison.
You have sharp fingernails.
You are carnivorous and can eat meat at any time.
Your flesh is cold resistant. (rC+)
You are immune to negative energy. (rN+++)
You do not regenerate when monsters are visible.
You are immune to unholy pain and torment.
You can survive without breathing.
Your life essence is reduced to manifest your ancestor. (-10% HP)


Message History

Unknown command.
Casting: Frozen Ramparts (quite dangerous; 56% risk of failure)
Confirm with . or Enter, or press ? or * to list all spells.
Aiming: Freeze (safe; 22% risk of failure)
Press: ? - help, Shift-Dir - straight line, f - yak
Aim: a yak (lightly wounded)
You freeze the yak.
The yak is moderately wounded.
The yak gores you.
* * * LOW HITPOINT WARNING * * *
The yak gores you.
* * * LOW HITPOINT WARNING * * *
Your shield and scale mail of Marbles prevent you from hitting the yak.
The yak is moderately wounded.
The yak completely misses you. The yak gores you.
* * * LOW HITPOINT WARNING * * *
You claw the yak!
The yak is heavily wounded.
The yak gores you!
You die...

.............#.#.# #<#
..........##.#.#.# #.#
..........##.#.#.# #.#
##.#.#######.#.#.# #.#
#.#.# #.#.#.# #.# #.#.#
#.#.#.# #.# #.#.#
#.#.#.# #.# #.#.#
#.#.#Y###########.#
#.#.#
#.#.#@Y.....).....#
##'#.##
#.#.###############
......######.#.#
.............#.#
......########.#
...............#
>.....##################
.......................#
...........##########.##


You could see 2 yaks.

Vanquished Creatures
  A hippogriff (D:7)
  A hungry ghost (D:7)
  2 ice beasts (D:7)
  An orc warrior (D:6)
  3 ogres
  2 centaurs
  2 bullfrogs
  2 scorpions
  Dowan (D:4)
  5 killer bees
  3 wights
  A howler monkey (D:5)
  2 bullfrog zombies
  A centaur zombie (D:5)
  2 crimson imps
  A hound (D:7)
  An orc wizard (D:5)
  An orc priest (D:5)
  An iguana (D:7)
  2 worker ants
  4 adders
  A howler monkey skeleton (D:3)
  An ooze (D:3)
  3 worms (D:2)
  A dart slug (D:1)
  2 leopard geckos
  7 orcs
  4 giant cockroaches
  4 goblins
  11 hobgoblins
  5 jackals
  2 quokkas
  2 ball pythons
  12 bats
  3 frilled lizards
  6 kobolds
  A leopard gecko skeleton (D:4)
  6 rats
110 creatures vanquished.

Vanquished Creatures (collateral kills)
  A centaur (D:8)
  A killer bee (D:7)
  A wight (D:6)
  A bullfrog zombie (D:6)
  A centaur skeleton (D:8)
  A worker ant (D:7)
  2 orcs
  A ball python (D:5)
  A quokka skeleton (D:7)
10 creatures vanquished.

Vanquished Creatures (others)
  7 ancestors
7 creatures vanquished.

Grand Total: 127 creatures vanquished

Notes
Turn   | Place    | Note
-------+----------+-------------------------------------------
     0 | D:1      | Brecoman the Ghoul Ice Elementalist began the quest for the
                  | Orb.
     0 | D:1      | Reached XP level 1. HP: 14/14 MP: 2/2
   340 | D:1      | Reached XP level 2. HP: 21/22 MP: 0/4
   514 | D:1      | Reached skill level 1 in Fighting
   998 | D:2      | Reached XP level 3. HP: 23/28 MP: 0/5
  1160 | D:2      | Reached skill level 1 in Unarmed Combat
  1609 | D:2      | Learned a level 3 spell: Frozen Ramparts
  1986 | D:2      | Reached XP level 4. HP: 33/36 MP: 2/6
  2457 | D:3      | Reached skill level 5 in Ice Magic
  2685 | D:3      | Noticed a bullfrog
  2708 | D:3      | Killed a bullfrog
  2708 | D:3      | Reached XP level 5. HP: 14/42 MP: 0/8
  3672 | D:4      | Noticed Dowan
  3683 | D:4      | Killed Dowan
  3683 | D:4      | Reached XP level 6. HP: 40/49 MP: 2/9
  3688 | D:4      | Noticed Duvessa
  3763 | D:4      | Learned a level 3 spell: Ozocubu's Armour
  3775 | D:5      | Entered Level 5 of the Dungeon
  3958 | D:4      | Reached skill level 1 in Charms
  4082 | D:4      | Found an opulent altar of Gozag.
  4115 | D:4      | Found a hazy altar of Hepliaklqana.
  4399 | D:4      | Found a hazy altar of Hepliaklqana.
  4932 | D:4      | Became a worshipper of Hepliaklqana the Forgotten
  4965 | D:5      | Reached XP level 7. HP: 41/48 MP: 9/11
  5095 | D:5      | Reached skill level 6 in Ice Magic
  5460 | D:5      | Found a staircase to the Ecumenical Temple.
  5912 | D:6      | Got a citrine-encrusted scale mail
  5913 | D:6      | Identified the +3 scale mail of Marbles {rElec rPois rC+
                  | Dex+3} (You found it on level 6 of the Dungeon)
  5992 | D:6      | Reached * piety under Hepliaklqana
  6393 | D:6      | Reached XP level 8. HP: 54/57 MP: 12/12
  6973 | D:6      | Reached skill level 1 in Shields
  7391 | D:7      | Noticed a hippogriff
  7398 | D:7      | Killed a hippogriff
  7621 | D:7      | Reached skill level 5 in Fighting
  7654 | D:7      | Reached skill level 5 in Unarmed Combat
  7654 | D:7      | Reached skill level 7 in Ice Magic
  8455 | D:8      | Reached XP level 9. HP: 49/63 MP: 14/14
  8470 | D:7      | HP: 1/63 [killer bee (5)]
  9134 | D:8      | HP: 3/60 [killer bee (4)]
  9684 | D:7      | Slain by a yak

Levels and vault maps discovered:
D:1:      dpeg_arrival_central, layout_rooms
D:2:      layout_loops_cross, chequers_serial_rivers_micro_b
D:3:      layout_loops_ring, first_ration
D:4:      layout_loops_ring, nicolae_overflow_crystal_walls,
          nicolae_gozag_cash_rules_everything_around_me, uniq_duvessa
D:5:      minmay_general_purpose_star, layout_basic,
          minmay_temple_entry_stoned_glass
D:6:      layout_loops_ring, chequers_avenue
D:7:      layout_basic
D:8:      layout_rooms

Skill      XL: |  1  2  3  4  5  6  7  8  9 |
---------------+----------------------------+-----
Spellcasting   | 2 3 4 |  4.5
Fighting       | 1 2 3 4 5 6 |  6.4
Unarmed Combat | 1 2 3 4 5 6 |  6.2
Ice Magic      | 5 6 7 |  7.3
Charms         | 1 2 |  2.3
Shields        | 2 3 |  3.7
Dodging        | |  1.7
Stealth        | |  2.1

Action                   |  1- 3 |  4- 6 |  7- 9 || total
-------------------------+-------+-------+-------++-------
Melee: Short sword       |     7 |       |       ||     7
       Unarmed           |    50 |   113 |   257 ||   420
       Punch             |       |       |     1 ||     1
Throw: Stone             |     3 |     1 |       ||     4
 Cast: Freeze            |    29 |    18 |    10 ||    57
       Frozen Ramparts   |     3 |     8 |     6 ||    17
       Ozocubu's Armour  |       |     2 |       ||     2
  Use: Potion            |       |     4 |     1 ||     5
       Scroll            |       |       |    15 ||    15
 Stab: Sleeping          |     3 |     3 |       ||     6
       Distracted        |       |       |     3 ||     3
  Eat: Chunk             |     7 |    16 |    11 ||    34
       Ration            |       |       |     3 ||     3
Armor: Robe              |    19 |    29 |       ||    48
       Scale mail        |       |       |   106 ||   106
       Leather armour    |       |       |     4 ||     4
Dodge: Dodged            |    52 |    91 |   128 ||   271
Block: Kite shield       |       |       |   136 ||   136

Table legend:
 A = Non-vault XP
 B = Vault XP
 C = Vault XP percentage of total XP
 D = Non-vault monster count
 E = Vault monster count
 F = Vault count percentage of total count
                 A         B        C        D         E       F
            +---------+---------+-------+---------+---------+-------
      Total |    3219 |     150 |   4.5 |     117 |       3 |   2.5
            +---------+---------+-------+---------+---------+-------
        D:1 |      16 |       0 |   0.0 |      11 |       0 |   0.0
        D:2 |      74 |       0 |   0.0 |      25 |       0 |   0.0
        D:3 |     162 |       0 |   0.0 |      27 |       0 |   0.0
        D:4 |     256 |      69 |  21.2 |       9 |       1 |  10.0
        D:5 |     426 |      81 |  16.0 |      10 |       2 |  16.7
        D:6 |     459 |       0 |   0.0 |      10 |       0 |   0.0
        D:7 |    1502 |       0 |   0.0 |      21 |       0 |   0.0
        D:8 |     324 |       0 |   0.0 |       4 |       0 |   0.0
            +---------+---------+-------+---------+---------+-------
